 Dungeon Crawl Stone Soup version 0.23.0 (webtiles) character file.

Game seed: 3203866522080886734

121 Borgoz the Cutter (level 5, -2/49 HPs)
             Began as a Kobold Monk on Feb 16, 2019.
             Slain by a shadow imp (3 damage)
             ... on level 5 of the Dungeon.
             The game lasted 00:04:10 (1953 turns).

Borgoz the Cutter (Kobold Monk)                     Turns: 1953, Time: 00:04:11

Health: -2/49      AC: 22    Str: 13    XL:     5   Next: 26%
Magic:  5/5        EV:  3    Int: 12    God:
Gold:   85         SH:  0    Dex: 18    Spells: 4/4 levels left

rFire    . . .     SeeInvis .   a - +0 short sword
rCold    . . .     Gourm    .   (shield restricted)
rNeg     + + +     Faith    .   (armour currently unavailable)
rPois    +         Spirit   .   (helmet currently unavailable)
rElec    .         Reflect  .   (cloak currently unavailable)
rCorr    .         Harm     .   (gloves currently unavailable)
MR       .....     NoTele   +   (boots currently unavailable)
Stlth    +++.......             (no amulet)
HPRegen  0.16/turn              (no ring)
MPRegen  0.09/turn              (no ring)

@: mighty, tree-form (expiring), very slightly contaminated, hasted, invisible,
very quick
A: small, carnivore
a: no special abilities


You were on level 5 of the Dungeon.
You were completely stuffed.
You were a tree.
You visited 1 branch of the dungeon, and saw 4 of its levels.

You collected 85 gold pieces.

Inventory:

Hand Weapons
 a - a +0 short sword (weapon)
Missiles
 p - 19 poisoned needles
Armour
 b - a +0 robe (melded)
 m - a scarf of cloud immunity (melded)
Scrolls
 e - 4 scrolls of remove curse
 h - 2 scrolls of identify
 j - a scroll of blinking {unknown}
 k - a scroll of amnesia {unknown}
Potions
 g - 2 potions of lignification
 l - a potion of might
Comestibles
 c - 3 rations
 o - 6 chunks of flesh


   Skills:
 + Level 3.8 Fighting
 * Level 5.2 Short Blades
 + Level 1.0 Armour
 + Level 4.2 Dodging
 * Level 4.3 Stealth


You had 4 spell levels left.
You didn't know any spells.
Your spell library was empty.

Dungeon Overview and Level Annotations

Branches:
Dungeon (3/15)

Altars:
Ashenzari
Gozag
Hepliaklqana


Innate Abilities, Weirdness & Mutations

You are small and have problems with some larger weapons.
You are carnivorous and can eat meat at any time.
((Your system is resistant to poisons. (rPois)))
((You are resistant to electric shocks. (rElec)))


Message History

The frilled lizard hisses angrily.
You hit the jelly.
Your branches burn!
* * * LOW HITPOINT WARNING * * *
The jelly is lightly wounded.
The shadow imp hits you but does no damage.
The jelly hits you but does no damage.
Unknown command.
It was a potion of might.
You feel very mighty all of a sudden.
The shadow imp hits you but does no damage.
The jelly hits you but does no damage.
It was a potion of haste.
You feel yourself speed up.
Your transformation is almost over.
The shadow imp hits you.
* * * LOW HITPOINT WARNING * * *
The jelly hits you but does no damage.
It was a potion of mutation.
You feel extremely strange.
You feel resistant to poisons.
You feel insulated. The shadow imp hits you.
You die...

#J....... ##........#
#..........#
#......./$.#
##..........#
#...........#
.#.######J..........#
......5♣JZ.........#
####.####.........#
##.###.l##..##
##.......#.....
...............
..c....(........
.................
.................
...............


You could see 2 jellies, a shadow imp, a frilled lizard (wandering) and a
bullfrog skeleton.

Vanquished Creatures
  A crimson imp (D:5)
  4 adders
  A worm (D:3)
  2 dart slugs (D:2)
  An orc (D:2)
  3 giant cockroaches (D:2)
  7 goblins
  4 hobgoblins
  3 jackals (D:2)
  2 kobolds
  A quokka (D:2)
  5 bats
  3 frilled lizards
  4 rats
41 creatures vanquished.

Notes
Turn   | Place    | Note
-------+----------+-------------------------------------------
     0 | D:1      | Borgoz the Kobold Monk began the quest for the Orb.
     0 | D:1      | Reached XP level 1. HP: 14/14 MP: 1/1
   207 | D:1      | Reached XP level 2. HP: 19/19 MP: 2/2
   680 | D:2      | Found a faded altar of an unknown god.
   839 | D:2      | Reached XP level 3. HP: 20/23 MP: 3/3
   851 | D:2      | Found an opulent altar of Gozag.
   874 | D:2      | Found a hazy altar of Hepliaklqana.
  1106 | D:2      | Reached XP level 4. HP: 25/28 MP: 4/4
  1447 | D:3      | Found a shattered altar of Ashenzari.
  1803 | D:3      | Reached skill level 5 in Short Blades
  1928 | D:3      | You fall through a shaft for 2 floors!
  1928 | D:5      | Entered Level 5 of the Dungeon
  1928 | D:5      | Noticed a centaur
  1948 | D:5      | Reached skill level 1 in Armour
  1948 | D:5      | Reached XP level 5. HP: 5/33 MP: 5/5
  1952 | D:5      | HP: 1/49 [shadow imp (3)]
  1953 | D:5      | Gained mutation: Your system is resistant to poisons.
                  | (rPois) [potion of mutation]
  1953 | D:5      | Gained mutation: You are resistant to electric shocks.
                  | (rElec) [potion of mutation]
  1953 | D:5      | Slain by a shadow imp

Skill      XL: |  1  2  3  4 |
---------------+-------------+-----
Stealth        | 3 4 |  4.3
Dodging        | 4 |  4.2
Short Blades   | 5 |  5.2
Armour         | 1 |  1.0
Fighting       | |  3.8

Action                   |  1- 3 |  4- 6 || total
-------------------------+-------+-------++-------
Melee: Short sword       |    85 |    68 ||   153
  Use: Potion            |       |     5 ||     5
       Scroll            |       |     2 ||     2
 Stab: Sleeping          |     8 |     3 ||    11
       Invisible         |       |     1 ||     1
  Eat: Chunk             |     9 |     3 ||    12
Armor: Robe              |    12 |     6 ||    18
       Skin              |       |    18 ||    18
Dodge: Dodged            |    56 |    43 ||    99
